cohdb
Replays
Latest Replays
All Replays
Popular Replays
Top Player Replays
Match Explorer
How It Works
Community
CoH3 Stats
Reddit
Sign in to upload your games and track your stats! →
Sign in with Steam
Match 44628463
Unlisted
Match 44628463
Overview
Messages
Build Orders
End
Construct Section Command Post
Vickers Machine Gun Team
Infantry Section
ML 3-inch Mortar Team
Infantry Section
Grenade Package
Construct Platoon Command Post
Vickers Machine Gun Team
Selects Canadian Shock Battlegroup
Selects Attacking Spirit
Selects Canadian Shock Section
Selects Incendiary Munitions
Canadian Shock Section
Canadian Shock Section
6-pounder Anti-tank Gun Team
Construct Company Command Post
Selects Pyrotechnics
Unlock M3 Grant Medium Tanks
M3 Grant Medium Tank
Infantry Training
Royal Engineer Section
Construct Field Infirmary
Selects Point Assault
Point Assault
Point Assault
Matilda II Heavy Tank
Matilda II Heavy Tank
Hawake
HOLD THE LINE
我先撤你顶上
Pera
Mustache and Melons
alexbrundin
Calm
Bllndc
0
0
Comments
sign in to comment!
No comments posted yet!